 Dungeon Crawl Stone Soup version 0.30.1 (webtiles) character file.

Game seed: 15715318469897000219

18 GeoRichter the Poker (level 2, -3/22 HPs)
             Began as a Demonspawn Warper on July 10, 2023.
             Slain by a gnoll
             ... wielding a +0 flail
              (10 damage)
             ... on level 1 of the Dungeon.
             The game lasted 00:01:39 (456 turns).

GeoRichter the Poker (Demonspawn Warper)             Turns: 456, Time: 00:01:39

Health: -3/22      AC:  3    Str: 11    XL:     2   Next: 51%
Magic:  5/5        EV: 13    Int: 14    God:
Gold:   49         SH:  0    Dex: 12    Spells: 5/5 levels left

rFire   . . .        a - +0 spear
rCold   . . .        (no shield)
rNeg    . . .        b - +0 leather armour
rPois   .            (no helmet)
rElec   .            (no cloak)
rCorr   .            (no gloves)
SInv    .            (no boots)
Will    .....        (no amulet)
Stlth   +            (no ring)
HPRegen 0.23/turn    (no ring)
MPRegen 0.09/turn

%: no passive effects
@: no status effects
A: repulsion field 1
a: no special abilities


You were on level 1 of the Dungeon.
You visited 1 branch of the dungeon, and saw 1 of its levels.

You collected 49 gold pieces.

Inventory:

Hand Weapons
 a - a +0 spear (weapon)
Missiles
 d - 5 boomerangs of dispersal (quivered) {!f}
Armour
 b - a +0 leather armour (worn)
Magical Staves
 g - a staff of fire
   (You found it on level 1 of the Dungeon)
Jewellery
 e - a ring of fire
   (You found it on level 1 of the Dungeon)
Scrolls
 c - a scroll of blinking
 i - a scroll of identify {unknown}
Potions
 f - 2 potions of heal wounds {unknown}
 h - 2 potions of magic {unknown}


   Skills:
 - Level 2.0 Fighting
 * Level 2.9 Polearms
 - Level 0.8 Throwing
 - Level 0.8 Armour
 - Level 1.7 Dodging
 - Level 2.0 Spellcasting
 - Level 2.6 Translocations


You had 5 spell levels left.
You didn't know any spells.
Your spell library contained the following spells:

 Spells                   Type           Power      Damage    Failure   Level
 Blink                    Tloc           16%        N/A       16%         2
 Lesser Beckoning         Tloc           16%        N/A       16%         2
 Teleport Other           Tloc           8%         N/A       30%         3
 Vhi's Electric Charge    Tloc/Air       10%        N/A       47%         3
 Manifold Assault         Tloc           8%         N/A       71%         4


Dungeon Overview and Level Annotations

Branches:
Dungeon (1/15) Zot: 5544

Altars:


Innate Abilities, Weirdness & Mutations

You are surrounded by a mild repulsion field. (EV +2)


Message History

You miss the quokka.
The quokka is severely wounded.
The quokka bites you but does no damage.
The quokka barely misses you.
You hit the quokka.
You kill the quokka!
You hit the gnoll but do no damage.
The gnoll is moderately wounded.
The gnoll closely misses you.
You hit the gnoll.
The gnoll is moderately wounded.
The gnoll barely misses you.
You completely miss the gnoll.
The gnoll is moderately wounded.
The gnoll completely misses you.
You barely miss the gnoll.
The gnoll is moderately wounded.
The gnoll hits you with a +0 flail!
You barely miss the gnoll.
The gnoll is moderately wounded.
The gnoll closely misses you.
You closely miss the gnoll.
The gnoll is moderately wounded.
The gnoll hits you but does no damage.
You barely miss the gnoll.
The gnoll is moderately wounded.
The gnoll barely misses you.
You hit the gnoll.
The gnoll is heavily wounded.
The gnoll hits you with a +0 flail.
You barely miss the gnoll.
The gnoll is heavily wounded.
The gnoll hits you with a +0 flail!
* * * LOW HITPOINT WARNING * * *
Really fire
d - 6 boomerangs of dispersal {!f}? [Y]es or [N]o only, please.
Really fire
d - 6 boomerangs of dispersal {!f}? [Y]es or [N]o only, please.
Really fire
d - 6 boomerangs of dispersal {!f}?
Uppercase [Y]es or [N]o only, please.
Really fire
d - 6 boomerangs of dispersal {!f}?
You don't know any spells.
Throw: 6 boomerangs (disperse) {!f}
Press: ? - help, Q - select action Shift-Dir - straight line, f - gnoll
Aim: a gnoll, wielding a +0 flail (heavily wounded, 61% to hit)
You throw a boomerang of dispersal {!f}.
The boomerang of dispersal {!f} hits the gnoll and shatters, but does no damage.
The gnoll is heavily wounded.
The gnoll hits you with a +0 flail!
You die...

.#
♣♣P..P♣P.PP.P♣♣#
## P.P.P..P.♣♣PP♣
.# P.♣P.♣P.P♣ ...
.## ..PP ♣.P ..#
#.#
#.##############
........).....†###
.#........g.#..g@#
.#...........#####
.#.............##
.#..............#
................#
................##
....#####........#
#......##........#
###.............)#


You could see a gnoll.

Vanquished Creatures
  A dart slug (D:1)
  2 bats (D:1)
  2 endoplasms (D:1)
  2 hobgoblins (D:1)
  2 quokkas (D:1)
  3 goblins (D:1)
  2 rats (D:1)
14 creatures vanquished.

Notes
Turn   | Place    | Note
-------+----------+-------------------------------------------
     0 | D:1      | GeoRichter the Demonspawn Warper began the quest for the
                  | Orb.
     0 | D:1      | Reached XP level 1. HP: 16/16 MP: 3/3
   219 | D:1      | Gained mutation: You are surrounded by a mild repulsion
                  | field. (EV +2) [demonic ancestry]
   219 | D:1      | Reached XP level 2. HP: 18/22 MP: 5/5
   456 | D:1      | Slain by a gnoll

Illustrated notes

Levels and vault maps discovered:
D:1:      minmay_arrival_arboretum_small, layout_rooms, feat_on_display

Skill      XL: |  1 |
---------------+----+-----
Polearms       | 2 |  2.9
Fighting       | |  2.0
Throwing       | |  0.8
Armour         | |  0.8
Dodging        | |  1.7
Spellcasting   | |  2.0
Translocations | |  2.6

Action                     || total
---------------------------++-------
  Melee: Spear             ||    92
  Throw: Boomerang         ||     2
 Armour: Leather armour    ||    21
  Dodge: Dodged            ||    47
